 Dungeon Crawl Stone Soup version 0.25.0-9-g26727b657a (webtiles) character file.

Game seed: 2231814049032096841

339 Lekan the Insei (level 6, -1/51 HPs)
             Began as a Draconian Transmuter on June 18, 2020.
             Was an Initiate of Yredelemnul.
             Slain by a black bear (2 damage)
             ... on level 4 of the Dungeon.
             The game lasted 00:29:36 (5379 turns).

Lekan the Insei (Draconian Transmuter)              Turns: 5379, Time: 00:29:37

Health: -1/51      AC:  6    Str: 12    XL:     6   Next: 29%
Magic:  0/9        EV: 13    Int: 15    God:    Yredelemnul [......]
Gold:   130        SH:  0    Dex: 12    Spells: 7/10 levels left

rFire    . . .     SeeInvis .   k - +4 spear
rCold    . . .     Gourm    .   (no shield)
rNeg     . . .     Faith    .   (armour unavailable)
rPois    .         Spirit   .   (helmet restricted)
rElec    .         Reflect  .   (no cloak)
rCorr    .         Harm     .   (no gloves)
MR       .....                  (no boots)
Stlth    ++........             f - amulet of inaccuracy (curse)
HPRegen  0.17/turn              (no ring)
MPRegen  0.11/turn              (no ring)

@: appendage, very slightly contaminated
A: unfitting armour, horns 2, cold-blooded, AC +6
a: End Transformation, Renounce Religion


You were on level 4 of the Dungeon.
You worshipped Yredelemnul.
Yredelemnul was noncommittal.
You were not hungry.
You had grown temporary horns.
You visited 1 branch of the dungeon, and saw 4 of its levels.

You collected 130 gold pieces.

Inventory:

Hand Weapons
 k - a +4 spear (weapon)
Missiles
 a - 17 arrows
 l - 20 bolts
Jewellery
 f - a cursed amulet of inaccuracy (around neck)
 u - an uncursed ring of protection from magic {unknown}
Scrolls
 b - 4 scrolls of identify {unknown}
 e - 5 scrolls of remove curse {unknown}
 g - 2 scrolls of magic mapping {unknown}
 p - 2 scrolls of teleportation {unknown}
 q - a scroll of fear {unknown}
 s - 2 scrolls of enchant weapon {unknown}
 t - a scroll of enchant armour {unknown}
Potions
 d - 4 potions of curing {unknown}
 h - 3 potions of flight {unknown}
 i - 2 potions of haste
 j - a potion of degeneration {unknown}
 m - a potion of lignification {unknown}
 n - a potion of magic {unknown}
 o - a potion of resistance {unknown}
 r - 2 potions of heal wounds {unknown}
 w - a potion of stabbing {unknown}
Comestibles
 c - 7 rations


   Skills:
 * Level 3.1 Fighting
 + Level 1.6 Polearms
 + Level 1.0 Throwing
 + Level 2.6 Dodging
 + Level 1.6 Stealth
 + Level 4.2 Unarmed Combat
 + Level 2.6 Spellcasting
 + Level 3.0 Transmutations


You had 7 spell levels left.
You knew the following spells:

 Your Spells              Type           Power        Failure   Level  Hunger
a - Beastly Appendage     Tmut           ##....       6%          1    #......
b - Sticks to Snakes      Tmut           ##......     9%          2    ###....

Your spell library contained the following spells:

 Spells                   Type           Power        Failure   Level  Hunger
 Spider Form              Tmut/Pois      #.........   34%         3    ###....
 Ice Form                 Ice/Tmut       #.......     75%         4    #####..
 Blade Hands              Tmut           ##........   86%         5    ######.


Dungeon Overview and Level Annotations

Branches:
Dungeon (4/15)
 Temple: D:4-7

Altars:
Wu Jian
Yredelemnul


Innate Abilities, Weirdness & Mutations

Your plain brown scales are hard. (AC +6)
You cannot fit into any form of body armour.
You are cold-blooded and may be slowed by cold attacks.
You have a pair of horns on your head.


Message History

The black bear bites you. The black bear closely misses you.
The black bear claws you but does no damage.
Casting: Beastly Appendage (safe; 6% risk of failure)
Confirm with . or Enter, or press ? or * to list all spells.
You create a snake!
You now have 17 arrows.
The black bear barely misses you. The black bear claws you.
The black bear claws you but does no damage.
The black bear bites you!
* * * LOW HITPOINT WARNING * * *
The black bear claws you.
* * * LOW HITPOINT WARNING * * *
The black bear closely misses you.
The black bear rages.
The black bear closely misses you. x2; The black bear claws you.
* * * LOW HITPOINT WARNING * * *
The black bear bites you!
* * * LOW HITPOINT WARNING * * *
The black bear claws you.
You die...
Your body rises from the dead as a mindless zombie.

###.g.### #.≈≈≈≈≈ ######
###)..####.##≈≈≈≈ #.....#
###...#.# #≈≈≈≈##?.....##
###..# #≈≈≈≈≈........# ##)#
#≈≈≈≈≈........# #.#
#≈≈≈≈<........ #.#
#≈≈≈≈≈........
#.#####≈≈≈≈≈........
#....@88≈≈≈≈≈88.....
#)#...hS............
#.#.................
#.##..88≈≈≈≈≈88.......
#÷#######≈≈≈≈......... ##)#
#≈≈≈≈≈........ ## ###..####
#≈≈≈≈≈........ .##
##.......#####≈≈≈≈........
..##
##..........###≈≈≈≈≈#......


You could see a black bear (berserk) and a friendly ball python.

Vanquished Creatures
  An orc priest (D:4)
  A worker ant (D:4)
  4 adders
  4 gnolls (D:4)
  An ooze (D:1)
  4 dart slugs
  3 leopard geckos
  4 orcs
  5 giant cockroaches
  15 goblins
  9 hobgoblins
  4 jackals
  11 kobolds
  10 bats
  3 frilled lizards
  3 rats
82 creatures vanquished.

Vanquished Creatures (collateral kills)
  2 ogres
  2 gnolls (D:4)
  A leopard gecko (D:4)
  A jackal (D:3)
  A ball python (D:4)
7 creatures vanquished.

Grand Total: 89 creatures vanquished

Notes
Turn   | Place    | Note
-------+----------+-------------------------------------------
     0 | D:1      | Lekan the Draconian Transmuter began the quest for the Orb.
     0 | D:1      | Reached XP level 1. HP: 16/16 MP: 3/3
   315 | D:1      | Reached XP level 2. HP: 16/23 MP: 5/5
  1112 | D:1      | Reached XP level 3. HP: 22/28 MP: 6/6
  1299 | D:1      | Learned a level 2 spell: Sticks to Snakes
  1909 | D:2      | Found an ornate altar of the Wu Jian Council.
  1941 | D:2      | Reached skill level 1 in Stealth
  1941 | D:2      | Reached skill level 4 in Unarmed Combat
  2100 | D:2      | Noticed an ogre
  2255 | D:2      | Reached XP level 4. HP: 27/35 MP: 7/7
  3175 | D:2      | Killed an ogre
  3175 | D:2      | Reached skill level 1 in Polearms
  3175 | D:2      | Reached XP level 5. HP: 41/41 MP: 2/8
  3686 | D:3      | Found a basalt altar of Yredelemnul.
  3716 | D:3      | Became a worshipper of Yredelemnul the Dark
  4407 | D:4      | Noticed a black bear
  4629 | D:4      | Noticed an ogre
  4649 | D:4      | Killed an ogre
  4649 | D:4      | Reached skill level 1 in Throwing
  4649 | D:4      | Reached XP level 6. HP: 17/50 MP: 1/9
  5379 | D:4      | HP: 1/51 [black bear (7)]
  5379 | D:4      | Slain by a black bear

Illustrated notes

Levels and vault maps discovered:
D:1:      saegor_arrival_simple_a, layout_loops_corners, minmay_vboxes
D:2:      layout_basic, nicolae_overflow_crystal_walls
D:3:      layout_basic, yredelemnul_altar_generic
D:4:      wander_river, layout_cave_pods, first_ration, uniq_menkaure

Skill      XL: |  1  2  3  4  5  6 |
---------------+-------------------+-----
Dodging        | 2 |  2.6
Stealth        | 1 |  1.6
Unarmed Combat | 4 |  4.2
Fighting       | 2 3 |  3.1
Polearms       | 1 |  1.6
Throwing       | 1 |  1.0
Transmutations | 3 |  3.0
Spellcasting   | |  2.6

Action                   |  1- 3 |  4- 6 || total
-------------------------+-------+-------++-------
Melee: Unarmed           |   131 |       ||   131
       Tailslap          |     8 |    12 ||    20
       Spear             |    35 |   152 ||   187
       Kick              |     1 |     1 ||     2
       Headbutt          |       |     1 ||     1
Throw: Dart              |     5 |    28 ||    33
 Cast: Beastly Appendage |     5 |     7 ||    12
       Sticks to Snakes  |     1 |    25 ||    26
 Stab: Sleeping          |       |     2 ||     2
  Eat: Chunk             |     3 |     9 ||    12
       Ration            |     1 |     1 ||     2
Armor: Skin              |    62 |    54 ||   116
Dodge: Dodged            |   112 |    98 ||   210
